 Dungeon Crawl Stone Soup version 0.29.1-12-g30fa7ad0bf (webtiles) character file.

Game seed: 8507886172171407381

332 xian the Magician (level 6, 0/55 HPs)
             Began as an Octopode Hedge Wizard on Dec 16, 2022.
             Was an Initiate of Gozag.
             Succumbed to a scorpion's poison
             ... on level 4 of the Dungeon.
             The game lasted 00:10:39 (5705 turns).

xian the Magician (Octopode Hedge Wizard)           Turns: 5705, Time: 00:10:40

Health: 0/55       AC:  1    Str:  9    XL:     6   Next: 52%
Magic:  8/13       EV: 13    Int: 19    God:    Gozag
Gold:   277        SH:  0    Dex: 11    Spells: 9/15 levels left

rFire   . . .      SeeInvis .   h - staff of conjuration
rCold   . . .      Faith    .   (no shield)
rNeg    . . .      Spirit   .   b - +0 hat
rPois   .          Reflect  .   (no amulet)
rElec   .          Harm     .   e - +4 ring of slaying
rCorr   .          Rampage  .   n - ring of flight
Will    .....                   (no ring)
Stlth   ..........              (no ring)
HPRegen 0.18/turn               (no ring)
MPRegen 0.13/turn               (no ring)
                                (no ring)
                                (no ring)

@: berserking (expiring), lethally poisoned (0 -> -4), gold aura, flying, very
slightly contaminated, very quick
A: almost no armour, amphibious, 8 rings, camouflage 1, gelatinous body 1,
(nimble swimmer 1), tentacles
a: Renounce Religion, Potion Petition, Call Merchant, Bribe Branch


You were on level 4 of the Dungeon.
You worshipped Gozag.
Gozag was aware of your devotion.
You visited 1 branch of the dungeon, and saw 4 of its levels.

You collected 312 gold pieces.
You paid 35 gold pieces to Gozag.

Inventory:

Hand Weapons
 r - a +1 antimagic short sword
Missiles
 p - 9 poisoned darts
 s - 5 atropa-tipped darts
Armour
 b - a +0 hat (worn)
Magical Staves
 h - a staff of conjuration (weapon)
Jewellery
 e - a +4 ring of slaying (left tentacle)
 n - a ring of flight (right tentacle)
Scrolls
 g - 2 scrolls of noise {unknown}
 i - 2 scrolls of immolation {unknown}
 k - 4 scrolls of identify {unknown}
 l - a scroll of magic mapping {unknown}
 m - a scroll of fear {unknown}
 q - a scroll of enchant armour {unknown}
Potions
 c - a potion of magic
 d - a potion of mutation {unknown}
 j - a potion of cancellation {unknown}


   Skills:
 + Level 0.4 Fighting
 + Level 1.1 Staves
 + Level 2.4 Dodging
 + Level 4.3 Stealth
 + Level 5.1 Spellcasting
 + Level 2.9 Conjurations
 + Level 1.0 Summonings
 + Level 1.0 Translocations


You had 9 spell levels left.
You knew the following spells:

 Your Spells              Type           Power      Damage    Failure   Level
a - Magic Dart            Conj           96%        1d7       3%          1
b - Call Imp              Summ           8%         N/A       12%         2
c - Blink                 Tloc           16%        N/A       12%         2
d - Slow                  Hex            20%        N/A       12%         1

Your spell library contained the following spells:

 Spells                   Type           Power      Damage    Failure   Level
 Conjure Flame            Conj/Fire      15%        6-21      21%         3
 Gell's Gravitas          Tloc           8%         N/A       24%         3
 Lesser Beckoning         Tloc           8%         N/A       24%         3
 Mephitic Cloud           Conj/Pois/Air  13%        N/A       24%         3
 Teleport Other           Tloc           8%         N/A       24%         3
 Dispersal                Tloc           4%         N/A       100%        6


Dungeon Overview and Level Annotations

Branches:
Dungeon (4/15)
 Temple: D:4-7

Altars:
Gozag


Innate Abilities, Weirdness & Mutations

You cannot wear most types of armour.
You are amphibious.
You can wear up to eight rings at the same time.
Your skin changes colour to match your surroundings (Stealth+).
Your rubbery body absorbs attacks. (AC +1, EV +1)
((You are camouflaged when in or above water. (Stealth+)))
You have tentacles for arms and can constrict up to eight enemies at once.


Message History

The scorpion misses you.
Casting: Call Imp (safe; 12% risk of failure)
Confirm with . or Enter, or press ? or * to list all spells.
A beastly little devil appears in a puff of frigid air.
You constrict the scorpion. The scorpion stings you.
* * * LOW HITPOINT WARNING * * *
You are lethally poisoned!
The scorpion poisons you!
It was a potion of flight.
You feel more buoyant.
You constrict the scorpion.
* * * LOW HITPOINT WARNING * * *
You feel very sick. The scorpion misses you.
Your white imp hits the scorpion but does no damage.
The scorpion closely misses you.
It was a potion of berserk rage.
A red film seems to cover your vision as you go berserk!
You feel yourself moving faster!
You feel mighty!
You constrict the scorpion.
* * * LOW HITPOINT WARNING * * *
You feel sick. The scorpion closely misses you.
Your white imp barely misses the scorpion.
You are too berserk!
You release your grip on the scorpion.
You feel a strong urge to attack something.
* * * LOW HITPOINT WARNING * * *
You feel sick.
You closely miss the scorpion. You grab the scorpion.
The scorpion is almost dead.
You constrict the scorpion, but do no damage.
* * * LOW HITPOINT WARNING * * *
You feel sick.
Your white imp gestures at the scorpion.
The puff of frost hits the scorpion.
The scorpion dies!
You see here 6 gold pieces.
You now have 277 gold pieces (gained 6).
You feel a strong urge to attack something.
You die...
Your body crumbles into a pile of gold.

#.#........#.##.#.# .
#......#####..#.#.# .
......#.. ##.#.#.#.#
.....###.# #.#.#.#.# ..
..... .# ###.#.#.#.# #.
.... .# #.#.#.#.#.# #. ...
.###.#.#.#.#.# ...
.##..#.#5#.#.# ##
#>..#.#@#.#.# ..##
####...#.#.#.#.# ...
.......#.#.#.#.######.#####
#...#.#.#..##....#....
#..##.#.##.......#.###
#).##.#.##.......#.#..
##....#..........#.#..
#...###..###..###.#..
#........# ##.....#..


You could see a friendly white imp (summoned).

Vanquished Creatures
  2 orc priests
  An orc wizard (D:2)
  4 gnolls (D:4)
  4 adders
  A worm (D:3)
  3 dart slugs
  11 orcs
  8 ball pythons
  2 endoplasms (D:1)
  4 giant cockroaches
  4 goblins
  11 hobgoblins
  6 jackals
  A quokka (D:1)
  6 bats (D:1)
  3 frilled lizards
  11 kobolds
  5 rats
87 creatures vanquished.

Vanquished Creatures (collateral kills)
  A scorpion (D:4)
  A worm (D:2)
  A hobgoblin (D:1)
  A kobold (D:1)
  A ball python (D:1)
5 creatures vanquished.

Grand Total: 92 creatures vanquished

Notes
Turn   | Place    | Note
-------+----------+-------------------------------------------
     0 | D:1      | xian the Octopode Hedge Wizard began the quest for the Orb.
     0 | D:1      | Reached XP level 1. HP: 11/11 MP: 4/4
   310 | D:1      | Reached XP level 2. HP: 17/17 MP: 3/6
   346 | D:1      | Found a faded altar of an unknown god.
   475 | D:1      | Learned a level 2 spell: Call Imp
   717 | D:1      | Reached XP level 3. HP: 15/21 MP: 2/8
  1457 | D:1      | Learned a level 2 spell: Blink
  1459 | D:1      | Learned a level 1 spell: Slow
  1542 | D:2      | Reached skill level 4 in Spellcasting
  1953 | D:2      | Reached XP level 4. HP: 19/27 MP: 1/10
  3529 | D:3      | Reached skill level 1 in Staves
  3529 | D:3      | Reached XP level 5. HP: 31/31 MP: 6/11
  3847 | D:3      | Found an opulent altar of Gozag.
  3862 | D:3      | Became a worshipper of Gozag Ym Sagoz the Greedy
  5034 | D:4      | Reached XP level 6. HP: 22/36 MP: 1/13
  5317 | D:4      | Reached skill level 5 in Spellcasting
  5697 | D:4      | HP: 1/36 [scorpion (7)]
  5703 | D:4      | HP: 1/54 [poisoned by a scorpion]
  5705 | D:4      | Succumbed to a scorpion's poison

Illustrated notes

Levels and vault maps discovered:
D:1:      lightli_arrival_windingriver, layout_basic, basic_ecumenical_altar
D:2:      layout_loops_ring
D:3:      layout_loops_corners, pf_just_have_faith, kennysheep_boxes
D:4:      layout_layer_cave, serial_co_window_serial, co_window_cross_1,
          co_window_paths_b, co_window_paths_a, co_window_corner_a,
          co_window_corner_a, co_window_corner_a, co_window_of_opportunity_a,
          co_window_corner_b, co_window_corner_b, co_window_unsneaky_path_e,
          co_window_sun, co_window_paths_d, uniq_crazy_yiuf_cottage

Skill      XL: |  1  2  3  4  5  6 |
---------------+-------------------+-----
Stealth        | 3 4 |  4.3
Spellcasting   | 4 5 |  5.1
Conjurations   | 2 |  2.9
Staves         | 1 |  1.1
Fighting       | |  0.4
Dodging        | |  2.4
Summonings     | |  1.0
Translocations | |  1.0

Action                   |  1- 3 |  4- 6 || total
-------------------------+-------+-------++-------
Melee: Dagger            |     5 |       ||     5
       Tentacles         |     2 |     2 ||     4
       Constrict         |     1 |     6 ||     7
       Staff             |     6 |    20 ||    26
 Cast: Magic Dart        |    81 |   119 ||   200
       Call Imp          |     2 |     3 ||     5
       Slow              |       |     3 ||     3
  Use: Potion            |       |     4 ||     4
 Stab: Sleeping          |     1 |       ||     1
Armor: Skin              |     1 |     2 ||     3
Dodge: Dodged            |    13 |    35 ||    48
